[Event "*** Titled Tuesday Blitz"]
[Site "Chess.com"]
[Date "2020.11.10"]
[Round "2"]
[White "Blitzking642"]
[Black "Alohamora11"]
[Result "0-1"]
[WhiteElo "2263"]
[BlackElo "2464"]
[TimeControl "180+1"]
[EndTime "10:19:51 PST"]
[Termination "Alohamora11 won on time"]

1. e4 c5 2. Nc3 g6 3. g3 Nc6 4.
Bg2 Bg7 5. d3 e6 6. Be3 d6 7. Qd2 Rb8 8. Nge2 Nd4 9. O-O b5 10.
Nc1 b4 11. Nd1 a5 12. c3 Nc6 13. d4 bxc3 14. bxc3 cxd4 15. cxd4 Nge7 16. Ne2 O-O 17. Ndc3 Ba6 18. Rfd1 d5 19. Bh6 dxe4 20. Bxg7 Kxg7 21. Bxe4 Nb4 22. Na4 Bb7 23. Bxb7 Rxb7 24. Nc5 Rb6 25.
Rab1 Nbd5 26. Rb2 Rxb2 27. Qxb2 Qb8 28. Qd2 Qb4 29. Qxb4 axb4 30. Rb1 Ra8 31. Rb2 Nc6 32. Nd3 Nc3 33. Ndf4 g5 34. Nd3 Nxe2+ 35. Rxe2 Nxd4 36. Re4 Nc2 37. Nxb4 Ra4 0-1

[Event "*** Titled Tuesday Blitz"]
[Site "Chess.com"]
[Date "2020.11.10"]
[Round "2"]
[White "shnitez"]
[Black "Semen_Khanin"]
[Result "0-1"]
[WhiteElo "2530"]
[BlackElo "2783"]
[TimeControl "180+1"]
[EndTime "10:19:52 PST"]
[Termination "Semen_Khanin won on time"]

1. e4 c5 2. Nf3 e6 3. b3 Nc6 4.
Bb2 d6 5. d4 cxd4 6. Nxd4 Nf6 7. Bd3 Be7 8. O-O O-O 9. a3 e5 10. Nf3 Bg4 11. Nbd2 d5 12. h3 Bh5 13. g4 Bg6 14. Qe2 Qc7 15. exd5 Nxd5 16. Bxg6 hxg6 17. Nxe5 Bf6 18. f4 Rfe8 19. Rae1 Nxf4 20. Rxf4 Nxe5 21. Ne4 Bh4 22. Ref1 g5 23. Rf5 Ng6 24. Qg2 Nf4 25.
R5xf4 gxf4 26. c4 Re6 27. Nc3 Rae8 28. Kh1 Re1 29. Nd5 Qc5 30. Bc3 R1e2 31. Qf3 Bg3 0-1

[Event "*** Titled Tuesday Blitz"]
[Site "Chess.com"]
[Date "2020.11.10"]
[Round "2"]
[White "elcandado"]
[Black "BJthechessgod"]
[Result "1-0"]
[WhiteElo "2601"]
[BlackElo "2305"]
[TimeControl "180+1"]
[EndTime "10:19:52 PST"]
[Termination "elcandado won by checkmate"]

1. d4 Nf6 2. Bf4 e6 3. e3 b6 4.
Nd2 Bb7 5. Ngf3 Be7 6. h3 O-O 7. Bd3 c5 8. c3 cxd4 9. cxd4 d6 10. Bh2 Nbd7 11. Qe2 Re8 12. O-O Rc8 13. Rfc1 Bf8 14.
Ba6 Rxc1+ 15. Rxc1 Qb8 16. Bxb7 Qxb7 17. Qc4 Nd5 18.
a3 b5 19. Qc6 Qxc6 20. Rxc6 Nb8 21. Rc1 Nb6 22. Rc7 a6 23. Rb7 N6d7 24. Ne4 Rc8 25. Bxd6 Bxd6 26. Nxd6 Rc1+ 27. Kh2 Rc2 28. Ne5 Rxf2 29. Nxd7 Nxd7 30. Rxd7 h6 31. b4 Ra2 32. Nxf7 Rxa3 33. e4 Rb3 34. Nd8 Rxb4 35. Nxe6 a5 36. Rxg7+ Kh8 37. Ra7 a4 38. e5 Rb3 39. Nc5 Re3 40. Nd7 a3 41. Nf6 Rg3 42. Rh7# 1-0

[Event "*** Titled Tuesday Blitz"]
[Site "Chess.com"]
[Date "2020.11.10"]
[Round "2"]
[White "swisspower96"]
[Black "Chopper1905"]
[Result "0-1"]
[WhiteElo "2582"]
[BlackElo "2932"]
[TimeControl "180+1"]
[EndTime "10:19:53 PST"]
[Termination "Chopper1905 won by resignation"]

1. d4 d5 2. c4 c6 3. cxd5 cxd5 4. Bf4 Nc6 5. e3 e6 6. Nc3 Bd6 7. Bxd6 Qxd6 8. f4 Nge7 9. Nf3 O-O 10. Bd3 f6 11. O-O b6 12. a3 Bb7 13. Qc2 h6 14. Rae1 Rac8 15. Qf2 Na5 16. Qg3 Nc4 17. Rf2 Nxa3 18. e4 Nc4 19. e5 Qd8 20. Nb5 fxe5 21. fxe5 Nf5 22. Bxf5 Rxf5 23. b3 a6 24. bxc4 axb5 25.
cxb5 Qe8 26. Qh3 Rc3 27. Qg4 Qxb5 28. Nh4 Rxf2 29. Kxf2 Qe8 30. Kg1 Ba6 31. Ng6 Bd3 32. Nf4 Bf5 33. Qd1 Qc6 34. Qa1 Kh7 35. Nh5 Rc2 36.
Qa7 Qc7 37. Qa8 Qc3 38. Rf1 Qxd4+ 39. Kh1 Qf2 40. Nf6+ gxf6 41. Qb7+ Kg6 0-1

[Event "*** Titled Tuesday Blitz"]
[Site "Chess.com"]
[Date "2020.11.10"]
[Round "2"]
[White "ljuks68"]
[Black "canary2016"]
[Result "1-0"]
[WhiteElo "2365"]
[BlackElo "2007"]
[TimeControl "180+1"]
[EndTime "10:19:53 PST"]
[Termination "ljuks68 won by checkmate"]

1. e4 e5 2. Nf3 Nf6 3. Nxe5 d6 4. Nf3 Nxe4 5. d3 Nf6 6. d4 d5 7. c4 c6 8. Nc3 Bd6 9. Bg5 Be7 10. Bd3 O-O 11. O-O h6 12. Bh4 Be6 13. c5 Nbd7 14.
b4 b6 15. Re1 a5 16. a3 Re8 17.
Qc2 Bg4 18. Ne5 Nxe5 19. Rxe5 axb4 20. Na4 bxc5 21. dxc5 bxa3 22. Rxa3 Nd7 23. Rxe7 Rxe7 24. Bxe7 Qxe7 25. h3 Qe1+ 26. Kh2 Qe5+ 27. g3 Bf3 28.
Bh7+ Kh8 29. Rxf3 Qh5 30. Rf5 g5 31. g4 Qh4 32. Rxf7 Ne5 33. Bg8 Nxg4+ 34. Kg1 Nf6 35. Rh7+ Kxg8 36. Qg6+ Kf8 37. Qf7# 1-0

[Event "*** Titled Tuesday Blitz"]
[Site "Chess.com"]
[Date "2020.11.10"]
[Round "2"]
[White "JRenatoMaranhao"]
[Black "03revilo"]
[Result "0-1"]
[WhiteElo "1890"]
[BlackElo "2355"]
[TimeControl "180+1"]
[EndTime "10:19:53 PST"]
[Termination "03revilo won by checkmate"]

1. e4 c5 2. Nf3 d6 3. d4 cxd4 4. Nxd4 Nf6 5. Nc3 a6 6. Be3 e5 7. Nb3 Be6 8. f3 Be7 9. Qd2 O-O 10. O-O-O a5 11. Kb1 a4 12. Nc1 Ra5 13. g4 d5 14. g5 Nxe4 15. Nxe4 dxe4 16. Qe1 Nd7 17. fxe4 a3 18. b3 Ra8 19. Bb5 Qc7 20. h4 Nc5 21. Bd3 Rac8 22. Rh2 Rfd8 23. h5 Bg4 24. Rdd2 Nxd3 25. Nxd3 Qc3 26. Rdg2 Qxe1+ 27. Nxe1 Rd1+ 28. Bc1 Rxe1 29. Rxg4 Rd8 30. g6 Rdd1 31. c4 Rxc1# 0-1

[Event "*** Titled Tuesday Blitz"]
[Site "Chess.com"]
[Date "2020.11.10"]
[Round "2"]
[White "Bykov_Egor"]
[Black "Igor_Lysyj"]
[Result "0-1"]
[WhiteElo "2546"]
[BlackElo "2833"]
[TimeControl "180+1"]
[EndTime "10:19:54 PST"]
[Termination "Igor_Lysyj won by resignation"]

1. d4 d5 2. c4 e6 3. Nf3 dxc4 4. e3 Nf6 5. Bxc4 c5 6. O-O cxd4 7. exd4 Be7 8. Nc3 O-O 9. Bf4 Nc6 10. Rc1 b6 11. a3 Bb7 12. Ba2 h6 13. Re1 Bd6 14. Ne5 Ne7 15. Nb5 Bb8 16. Nxf7 Rxf7 17. Bxb8 Rxb8 18. Bxe6 Bd5 19. Bxf7+ Bxf7 20. Nxa7 Nfd5 21. Nc6 Nxc6 22. Rxc6 Qg5 23. Re5 Qh4 24. g3 Qh3 25. Rd6 Nf6 26.
Qf1 Qc8 27. Qe2 Qc1+ 28. Kg2 Bc4 29. Qe3 Qf1+ 30. Kf3 Qd1+ 31. Kg2 Bf1+ 32. Kg1 Bh3+ 33. Qe1 Qf3 0-1

[Event "*** Titled Tuesday Blitz"]
[Site "Chess.com"]
[Date "2020.11.10"]
[Round "2"]
[White "tteshan"]
[Black "PattyCastillo"]
[Result "1-0"]
[WhiteElo "2360"]
[BlackElo "1962"]
[TimeControl "180+1"]
[EndTime "10:19:54 PST"]
[Termination "tteshan won by resignation"]

1. e4 c5 2. c3 d6 3. d4 cxd4 4. cxd4 Nf6 5. Nc3 e6 6. Nf3 Be7 7. Bd3 Nc6 8. a3 O-O 9. O-O b6 10.
e5 dxe5 11. dxe5 Nd5 12. Nxd5 Qxd5 13. Qe2 Bb7 14. Rd1 Qc5 15. Qe4 g6 16. Be3 Qa5 17. b4 Qa4 18. Bc2 Qa6 19. Qg4 Rad8 20. Ng5 Nxe5 21. Qh4 Bxg5 22. Bxg5 Rxd1+ 23. Rxd1 Qc4 24. Qxc4 Nxc4 25. a4 Bd5 26. f3 Nb2 27. Rd2 Nc4 28. Rd4 f6 29. Bh6 Rc8 30. Bb3 Ne5 31. Bxd5 exd5 32. Rxd5 Rc1+ 33. Bxc1 1-0

[Event "*** Titled Tuesday Blitz"]
[Site "Chess.com"]
[Date "2020.11.10"]
[Round "2"]
[White "GelmanAlexander"]
[Black "Bigfish1995"]
[Result "0-1"]
[WhiteElo "2595"]
[BlackElo "2973"]
[TimeControl "180+1"]
[EndTime "10:19:55 PST"]
[Termination "Bigfish1995 won on time"]

1. d4 Nf6 2. Nc3 d5 3. Bf4 a6 4.
e3 Bf5 5. f3 e6 6. g4 Bg6 7. h4 h5 8. g5 Nfd7 9. e4 Bb4 10. exd5 exd5 11. Qe2+ Kf8 12. Qh2 c5 13. Ne2 Nc6 14. Bc7 Qe8 15. O-O-O Qe3+ 16. Kb1 Qxf3 17. Bh3 Bxc3 18. Nxc3 Nxd4 19. Bxd7 Bxc2+ 20. Ka1 Bxd1 21. Rxd1 Kg8 22. Bb6 Nb5 23. Bxb5 axb5 24. Bxc5 Rc8 25. Bd4 Rxc3 26. Re1 Rd3 27. Qc2 Kh7 28. Be3 Qe4 0-1

[Event "*** Titled Tuesday Blitz"]
[Site "Chess.com"]
[Date "2020.11.10"]
[Round "2"]
[White "Roman_Ovetchkin"]
[Black "RaunakSadhwani2005"]
[Result "0-1"]
[WhiteElo "2602"]
[BlackElo "2989"]
[TimeControl "180+1"]
[EndTime "10:19:56 PST"]
[Termination "RaunakSadhwani2005 won on time"]

1. d4 Nf6 2. c4 g6 3. Nc3 Bg7 4. e4 d6 5. h3 O-O 6. Nf3 e5 7. d5 Nh5 8. g3 Na6 9. Nh2 Qe8 10. Be2 Nf6 11. g4 Nc5 12. Bf3 a5 13. Nf1 c6 14. g5 Nfd7 15. Ng3 cxd5 16. cxd5 f5 17. h4 f4 18. Nge2 b6 19. Nb5 Qe7 20. a4 Nb8 21. Nec3 Nba6 22. Kf1 Nb4 23. Kg2 Rf7 24. Bd2 h6 25.
gxh6 Bxh6 26. Kf1 Nbd3 27. Rb1 Rh7 0-1

[Event "*** Titled Tuesday Blitz"]
[Site "Chess.com"]
[Date "2020.11.10"]
[Round "2"]
[White "emperor87"]
[Black "ShcufNaiRolf"]
[Result "1-0"]
[WhiteElo "2710"]
[BlackElo "2333"]
[TimeControl "180+1"]
[EndTime "10:19:56 PST"]
[Termination "emperor87 won on time"]

1. e4 e5 2. Nf3 Nc6 3. Bb5 a6 4. Bxc6 dxc6 5. Qe2 f6 6. h3 Bc5 7. d3 Be6 8. Be3 Bxe3 9. Qxe3 Ne7 10. Nbd2 O-O 11.
Nh4 Qd4 12. Qxd4 exd4 13. f4 c5 14. O-O Nc6 15. a3 b5 16. Nhf3 Rfd8 17. g4 c4 18. Kh2 a5 19. Rg1 c3 20. bxc3 dxc3 21. Nf1 b4 22. Ne3 b3 23. cxb3 Rxd3 24. Rae1 Bxb3 25. g5 fxg5 26. Nxg5 Rad8 27. Nf5 g6 28. Nh6+ Kg7 29. Ng4 Rd2+ 30. Kg3 h5 31. Ne3 R8d3 32. f5 c2 33. Kf4 Rd1 34. Nxd1 cxd1=Q 35. Rxd1 Rxd1 36. Ne6+ Kf7 37. Rxg6 Bxe6 38. Rxe6 Nd4 39. Rh6 Ne2+ 40. Ke5 Re1 41.
Rh7+ Kg8 42. Rxc7 Ng3 43. Rc4 Re3 44. Kf4 Rxa3 45. e5 Ne2+ 46. Kg5 Rxh3 47. e6 Kf8 48. Kf6 Kg8 49. Rc8+ Kh7 50. e7 Re3 51. e8=Q Rxe8 52.
Rxe8 Ng3 53. Re7+ Kh6 54. Re8 Kh7 55. Ra8 h4 56. Rxa5 h3 57. Ra4 Nh5+ 58. Kg5 h2 59.
Rh4 Kg7 60. Rxh5 1-0

[Event "*** Titled Tuesday Blitz"]
[Site "Chess.com"]
[Date "2020.11.10"]
[Round "2"]
[White "Ranindu2003"]
[Black "Onischuk_V"]
[Result "0-1"]
[WhiteElo "2563"]
[BlackElo "2878"]
[TimeControl "180+1"]
[EndTime "10:19:57 PST"]
[Termination "Onischuk_V won on time"]

1. e4 d6 2. d4 Nf6 3. Nc3 g6 4. f3 Bg7 5. Be3 c6 6. Qd2 h6 7. O-O-O b5 8. Kb1 b4 9. Nce2 a5 10. g4 Nbd7 11. Nc1 Nb6 12. h4 Be6 13. Nh3 Nc4 14.
Bxc4 Bxc4 15. g5 hxg5 16. hxg5 Nh5 17. Qf2 a4 18. f4 d5 19. f5 dxe4 20. fxg6 fxg6 21.
Nf4 Rf8 22. Qd2 Nxf4 23. Bxf4 b3 24. cxb3 axb3 25. axb3 Bg8 26. Be3 Qa5 27. Qg2 Rf3 28. Rhe1 Be6 29. Qh2 Bf5 30. Qh7 Kf7 31. Qh1 c5 32. Qg2 cxd4 33. Bxd4 Qa1+ 34. Kc2 e3+ 35. Nd3 Rc8+ 36. Bc3 Rxc3+ 37. bxc3 Qxc3+ 38. Kb1 Qa1+ 39. Kc2 Rf2+ 0-1

[Event "*** Titled Tuesday Blitz"]
[Site "Chess.com"]
[Date "2020.11.10"]
[Round "2"]
[White "tdf98pantani"]
[Black "Zhani-Z"]
[Result "1-0"]
[WhiteElo "2741"]
[BlackElo "2511"]
[TimeControl "180+1"]
[EndTime "10:19:57 PST"]
[Termination "tdf98pantani won on time"]

1. d4 Nf6 2. c4 e6 3. Nc3 Bb4 4.
e3 O-O 5. Nf3 c5 6. Bd3 Nc6 7.
O-O d6 8. d5 Bxc3 9. bxc3 Na5 10. e4 Nd7 11. g3 b6 12. Bg5 f6 13. Be3 Ba6 14. Qe2 Re8 15. Bf4 Qe7 16. Rfe1 Ne5 17.
Nxe5 dxe5 18. Be3 Rad8 19. Rad1 Qd7 20. f4 Qa4 21. fxe5 fxe5 22. Qh5 Bxc4 23. Rf1 Qd7 24.
Bg5 Rc8 25. Bxc4 Nxc4 26. Rf3 Rf8 27. Rxf8+ Rxf8 28. Qe2 b5 29. d6 h6 30. Be7 Rf7 31.
a4 a6 32. axb5 axb5 33. Qh5 Rxe7 34. dxe7 Qxe7 35. Qg6 Qf7 36. Rd8+ 1-0

[Event "*** Titled Tuesday Blitz"]
[Site "Chess.com"]
[Date "2020.11.10"]
[Round "2"]
[White "Bodnar_Mykola"]
[Black "picturesquecheck"]
[Result "1-0"]
[WhiteElo "2388"]
[BlackElo "2101"]
[TimeControl "180+1"]
[EndTime "10:19:57 PST"]
[Termination "Bodnar_Mykola won by resignation"]

1. e4 c5 2. Nf3 Nc6 3. d4 cxd4 4. Nxd4 Nf6 5. Nc3 d6 6. Bc4 Qb6 7. Nb3 e6 8. O-O a6 9. Be3 Qc7 10. a4 Be7 11. f4 O-O 12. Be2 b6 13. Qe1 Bb7 14.
f5 Ne5 15. fxe6 fxe6 16. Nd4 Qd7 17. Bd3 Rac8 18. Qe2 Nxd3 19. cxd3 d5 20. e5 Ne8 21.
Qg4 Nc7 22. Kh1 Bc5 23. Nce2 a5 24. Nf4 Rce8 25. Nh5 Kh8 26. h3 Ba6 27. Rf3 Bxd3 28.
Bh6 gxh6 29. Rxd3 Rg8 30. Qf4 Ref8 31. Qxh6 Rg6 32. Qd2 Qf7 33. Nf6 Qg7 34. Rf1 Rg3 35.
Rff3 Rxf3 36. Rxf3 Bxd4 37. Qxd4 Ne8 38. Qxb6 Nxf6 39. exf6 Qg6 40. Qxe6 h6 41. Qxd5 Rxf6 42. Qd8+ Kg7 43. Qxf6+ Qxf6 44. Rxf6 Kxf6 45. g4 1-0

[Event "*** Titled Tuesday Blitz"]
[Site "Chess.com"]
[Date "2020.11.10"]
[Round "2"]
[White "Tactictic"]
[Black "Guenplen"]
[Result "0-1"]
[WhiteElo "2418"]
[BlackElo "2885"]
[TimeControl "180+1"]
[EndTime "10:19:58 PST"]
[Termination "Guenplen won on time"]

1. e4 c5 2. Nf3 e6 3. d4 cxd4 4.
Nxd4 Nf6 5. Nc3 Nc6 6. Ndb5 Bc5 7. Bf4 O-O 8. Bc7 Qe7 9. Bd6 Bxd6 10. Qxd6 Qd8 11.
Nc7 Rb8 12. Be2 b5 13. e5 Ne8 14. Nxe8 Rxe8 15. Bxb5 Bb7 16. O-O Qg5 17. f4 Qg6 18.
Bd3 f5 19. exf6 Qxf6 20. Be4 Nd4 21. Rad1 Ne2+ 22. Nxe2 Bxe4 23. Qxd7 Bxc2 24. Rd6 Rbd8 25. Qc6 Rc8 26. Qd7 Bf5 27. Nd4 Red8 28. Qb7 Rb8 29.
Qc7 Rxd6 30. Qxb8+ Rd8 0-1

[Event "*** Titled Tuesday Blitz"]
[Site "Chess.com"]
[Date "2020.11.10"]
[Round "2"]
[White "Chesstrainer1"]
[Black "HouseOfDurin"]
[Result "1-0"]
[WhiteElo "2408"]
[BlackElo "2179"]
[TimeControl "180+1"]
[EndTime "10:19:59 PST"]
[Termination "Chesstrainer1 won on time"]

1. Nf3 c5 2. c4 Nc6 3. Nc3 e5 4. e3 g6 5. d4 cxd4 6. exd4 e4 7. Nxe4 d5 8. cxd5 Qxd5 9. Nc3 Bb4 10. a3 Bxc3+ 11. bxc3 Qa5 12. Bd2 Bg4 13. Be2 Nge7 14. O-O O-O-O 15. c4 Qf5 16. d5 Nxd5 17. cxd5 Rxd5 18.
Qc1 Rhd8 19. Be3 Kb8 20. Rb1 Ne5 21. Nxe5 Bxe2 22. Nc6+ Ka8 23. Nxd8 Bxf1 24. Qxf1 Rxd8 25. h3 a6 26. a4 Rd5 27. Qc1 Qd7 28. Qc2 f6 29.
Qb2 f5 30. Qh8+ Qd8 31. Qxh7 1-0

[Event "*** Titled Tuesday Blitz"]
[Site "Chess.com"]
[Date "2020.11.10"]
[Round "2"]
[White "amiralfio"]
[Black "eljanov"]
[Result "0-1"]
[WhiteElo "2544"]
[BlackElo "2828"]
[TimeControl "180+1"]
[EndTime "10:20:01 PST"]
[Termination "eljanov won on time"]

1. d4 Nf6 2. Bf4 d5 3. e3 e6 4. Nf3 Bd6 5. Bg3 O-O 6. Nbd2 c5 7. c3 Qc7 8. Ne5 Nc6 9. f4 cxd4 10. cxd4 Bb4 11.
Bd3 Ne4 12. Bxe4 dxe4 13. O-O Bxd2 14. Qxd2 f6 15. Nxc6 Qxc6 16. f5 exf5 17. Rac1 Qb5 18. Rc7 Be6 19. Rfc1 Rac8 20. R1c5 Qd3 21. Be1 b6 22.
Rc3 Qxd2 23. Bxd2 Rxc7 24. Rxc7 Rc8 25. Rxa7 Rc2 26. Bc3 h5 27. a4 h4 28. Rb7 f4 29.
exf4 e3 30. Rxb6 Bd5 31. Kf1 Bxg2+ 32. Ke1 Bf3 33. Rb8+ Kh7 34. Bd2 Rxd2 0-1

[Event "*** Titled Tuesday Blitz"]
[Site "Chess.com"]
[Date "2020.11.10"]
[Round "2"]
[White "Malev212"]
[Black "joksijoksi"]
[Result "1-0"]
[WhiteElo "2504"]
[BlackElo "2291"]
[TimeControl "180+1"]
[EndTime "10:20:03 PST"]
[Termination "Malev212 won on time"]

1. Nf3 d5 2. e3 c6 3. Be2 Bg4 4. O-O e6 5. b3 Nf6 6. Bb2 Bd6 7.
d3 Nbd7 8. Nbd2 O-O 9. h3 Bxf3 10. Nxf3 Qc7 11. c4 Ne5 12. Nd2 Rfd8 13. a3 Be7 14. Qc2 Ng6 15. Nf3 Rac8 16. Rac1 Qa5 17. b4 Qb6 18. d4 Ne4 19. Bd3 f5 20. Be2 Bd6 21. Ne1 Qc7 22. Nd3 Ne7 23. c5 Bh2+ 24.
Kh1 Qb8 25. g4 Ng6 26. f4 Bg3 27. Bf3 Bh4 28. Rg1 Be7 29. Ne5 Nxe5 30. dxe5 Kh8 31. Bd4 g6 32. Rg2 Rg8 33. Rcg1 b6 34. h4 bxc5 35.
bxc5 Bxh4 36. g5 Kg7 37. Bxe4 dxe4 38. Rh2 Qb5 39. Rxh4 Rb8 40. Kg2 Qa5 41. Rgh1 Rh8 42. Kg3 Qxa3 43. Qh2 Rbg8 44. Rxh7+ Rxh7 45. Qxh7+ Kf8 46. Rb1 1-0

[Event "*** Titled Tuesday Blitz"]
[Site "Chess.com"]
[Date "2020.11.10"]
[Round "2"]
[White "dennisodessa"]
[Black "tylityli"]
[Result "1-0"]
[WhiteElo "2459"]
[BlackElo "2254"]
[TimeControl "180+1"]
[EndTime "10:20:03 PST"]
[Termination "dennisodessa won on time"]

1. d4 Nf6 2. c4 e6 3. Nc3 Bb4 4. Qc2 O-O 5. a3 Bxc3+ 6. Qxc3 d5 7. Bg5 h6 8. Bh4 g5 9. Bg3 Ne4 10. Qc2 f5 11. Be5 Nc6 12. f3 Nxe5 13. dxe5 Nc5 14.
Rd1 c6 15. cxd5 Na6 16. d6 Bd7 17. e3 Qa5+ 18. Qc3 Qxc3+ 19. bxc3 Nc5 20. Ne2 b5 21.
Nd4 Kf7 22. Bd3 a5 23. O-O Rfb8 24. Be2 Na4 25. Rc1 c5 26. Nb3 c4 27. Nd4 Nc5 28. f4 g4 29. h3 h5 30. Kh2 a4 31. Rb1 Nb3 32. Rfd1 Rh8 33. Kg3 h4+ 34. Kf2 g3+ 35. Kf1 Rhc8 36. Bf3 Ra6 37. e4 Kg6 38. exf5+ exf5 39. e6 Rxd6 40. exd7 Rxd7 41. Kg1 Rcd8 42. Re1 Nxd4 43.
cxd4 Rxd4 44. Rxb5 Rxf4 45. Rb6+ Kg7 46. Rc6 Rb8 47. Rc1 Rb3 48. Kf1 Rxa3 49. Rc7+ 1-0

[Event "*** Titled Tuesday Blitz"]
[Site "Chess.com"]
[Date "2020.11.10"]
[Round "2"]
[White "Chernov_Mikhail"]
[Black "VladimirPotkin"]
[Result "0-1"]
[WhiteElo "2331"]
[BlackElo "2652"]
[TimeControl "180+1"]
[EndTime "10:20:04 PST"]
[Termination "VladimirPotkin won by resignation"]

1. e4 e5 2. Nf3 Nc6 3. Bc4 Nf6 4. Ng5 d5 5. exd5 Na5 6. Bb5+ c6 7. dxc6 bxc6 8. Be2 h6 9. Nh3 Bd6 10. d3 O-O 11.
Nc3 c5 12. O-O Rb8 13. Kh1 Nc6 14. Rb1 Nd4 15. f4 Re8 16. Bf3 Bxh3 17. gxh3 exf4 18. Ne4 Nxe4 19. Bxe4 Qh4 20. c3 Ne6 21. Qg4 Qxg4 22. hxg4 Rb6 23. Kg2 Reb8 24. h4 Be5 25. Ra1 g6 26.
Bd5 Kg7 27. a3 a5 28. Ra2 a4 29. Bc4 Bf6 30. Bxe6 Rxe6 31. Bxf4 Rd8 32. Rd1 Bxh4 33. Kf3 Bg5 34. Bxg5 hxg5 35. Raa1 Rde8 36. Rd2 Re3+ 37. Kf2 Rh3 38. Rg1 Ree3 39. Rg2 Rxd3 40. Rxd3 Rxd3 41. Ke2 c4 42. Rf2 Rg3 43. Kd2 Rxg4 0-1

[Event "*** Titled Tuesday Blitz"]
[Site "Chess.com"]
[Date "2020.11.10"]
[Round "2"]
[White "xLuring1"]
[Black "Vanina1989"]
[Result "0-1"]
[WhiteElo "2309"]
[BlackElo "2643"]
[TimeControl "180+1"]
[EndTime "10:20:04 PST"]
[Termination "Vanina1989 won on time"]

1. e4 c6 2. d4 d5 3. Nc3 dxe4 4. Nxe4 Bf5 5. Ng3 Bg6 6. Nh3 Nd7 7. Bc4 e5 8. O-O Be7 9. f4 exf4 10. Nxf4 Ngf6 11. Nxg6 hxg6 12. Ne4 O-O 13. Ng5 Nb6 14. Bb3 c5 15. c3 cxd4 16. cxd4 Nbd5 17. Nf3 Qb6 18. Bg5 Rad8 19. Qe1 Rfe8 20. Qh4 Bb4 21. Rad1 Re4 22. Qh3 Rde8 23. Bxf6 Nxf6 24. Kh1 Re3 25. Qh4 R8e4 26. Qg5 Bd6 27. Bc2 Rg4 28. Qxe3 Bf4 29. Qe2 Qxb2 30. Rfe1 Qxa2 31. Bb3 Qxb3 32. Rb1 Qd5 33. Ne5 Rh4 34. h3 Bg3 35. Rec1 Ne4 0-1

[Event "*** Titled Tuesday Blitz"]
[Site "Chess.com"]
[Date "2020.11.10"]
[Round "2"]
[White "Training_Day"]
[Black "Mikhail_Golubev"]
[Result "0-1"]
[WhiteElo "2303"]
[BlackElo "2568"]
[TimeControl "180+1"]
[EndTime "10:20:06 PST"]
[Termination "Mikhail_Golubev won on time"]

1. e4 c5 2. Nf3 d6 3. d4 Nf6 4.
Nc3 cxd4 5. Nxd4 Nc6 6. Bg5 e6 7. Qd2 a6 8. O-O-O Bd7 9. f4 Be7 10. Nf3 b5 11. Bd3 b4 12. Ne2 Qa5 13. Kb1 O-O 14.
Ng3 Qb6 15. e5 Nd5 16. Bxe7 Ncxe7 17. Ka1 a5 18. Ne4 dxe5 19. fxe5 a4 20. h4 b3 21. h5 a3 22. cxb3 axb2+ 23. Qxb2 Nb4 24. Bb1 Ned5 25. h6 Rfc8 26. hxg7 Nxa2 27. Bxa2 Nb4 28. Nf6+ Kxg7 29. Rxh7+ Kg6 0-1

[Event "*** Titled Tuesday Blitz"]
[Site "Chess.com"]
[Date "2020.11.10"]
[Round "2"]
[White "The_Machine04"]
[Black "MPGM"]
[Result "1-0"]
[WhiteElo "2304"]
[BlackElo "2461"]
[TimeControl "180+1"]
[EndTime "10:20:06 PST"]
[Termination "The_Machine04 won by resignation"]

1. d4 d5 2. Bf4 c5 3. e3 Nc6 4. c3 Bf5 5. Nd2 e6 6. Ngf3 Qb6 7. Qb3 c4 8. Qxb6 axb6 9. a3 Nf6 10. Nh4 Bg6 11.
Nxg6 hxg6 12. Be2 b5 13. O-O Kd7 14. Nf3 Bd6 15. Bxd6 Kxd6 16. Bd1 Ne4 17. Bc2 f5 18. h4 Rh5 19. g3 Rah8 20. Kg2 Nd8 21. Ne5 g5 22.
Bxe4 dxe4 23. Rh1 gxh4 24. Ng6 R8h6 25. Nf4 Rg5 26. Rh3 hxg3 27. fxg3 Rxh3 28. Kxh3 Nf7 29. a4 e5 30. dxe5+ Nxe5 31. axb5 Nd3 32. Ra8 Nf2+ 33. Kg2 Nd1 34. Rd8+ Kc5 35. Rxd1 Kxb5 36. Rd5+ Ka4 37. Rd7 b5 38. Rd2 Kb3 39. Kh3 Rg4 40. Rf2 Ka4 41. Nd5 g6 42. Nf6 Rg5 43. Kh4 1-0

[Event "*** Titled Tuesday Blitz"]
[Site "Chess.com"]
[Date "2020.11.10"]
[Round "2"]
[White "Nemsko"]
[Black "TurboSteen"]
[Result "1-0"]
[WhiteElo "2367"]
[BlackElo "2015"]
[TimeControl "180+1"]
[EndTime "10:20:06 PST"]
[Termination "Nemsko won by checkmate"]

1. e4 e6 2. d4 d5 3. Nc3 Bb4 4. e5 Ne7 5. a3 Bxc3+ 6. bxc3 c5 7. h4 Qc7 8. Bd2 b6 9. Bb5+ Bd7 10. Bd3 Ba4 11.
h5 h6 12. Rh4 c4 13. Be2 Nf5 14. Rf4 Nc6 15. g4 Nfe7 16. Bf1 g5 17. hxg6 Nxg6 18. Rf6 Ncxe5 19. Qe2 Nc6 20. Bg2 O-O-O 21. Nh3 Bxc2 22. Nf4 e5 23. Nxg6 Bxg6 24. Kd1 exd4 25. Bf4 d3 26.
Qe3 Qb7 27. Bh3 d4 28. g5+ Rd7 29. Bxd7+ Qxd7 30. Rxc6+ Qxc6 31. Qe5 Qb7 32. Qxh8+ Kd7 33. Qxd4+ Ke8 34. Kd2 Kf8 35. Qh8+ Ke7 36. Re1+ Kd7 37. Qe8# 1-0

[Event "*** Titled Tuesday Blitz"]
[Site "Chess.com"]
[Date "2020.11.10"]
[Round "2"]
[White "ailime26"]
[Black "Misticpikachu"]
[Result "1-0"]
[WhiteElo "1959"]
[BlackElo "2339"]
[TimeControl "180+1"]
[EndTime "10:20:07 PST"]
[Termination "ailime26 won by resignation"]

1. e4 c5 2. Nf3 Nc6 3. d4 cxd4 4.
Nxd4 Nf6 5. Nc3 e6 6. f3 Bb4 7. Be3 d5 8. exd5 Nxd5 9. Nxc6 bxc6 10. Qd3 Qa5 11. Bd2 O-O 12. a3 Rd8 13. Nxd5 Bxd2+ 14. Qxd2 Qxd2+ 15. Kxd2 cxd5 16. Bd3 Rb8 17. b3 h6 18. g4 e5 19. Rae1 f6 20. Kc1 Be6 21. Kb2 Rbc8 22. h3 d4 23. f4 Rc5 24. fxe5 Rxe5 25.
Rxe5 fxe5 26. Re1 Rd5 27. Bc4 Rd6 28. Rxe5 Bxc4 29. bxc4 Kf7 30. Kb3 Kf6 31. Rd5 Rb6+ 32.
Rb5 Rd6 33. c5 Rd8 34. Kc4 Ke5 35. c6+ Ke4 36. Rb7 Ke3 37. Rd7 Rc8 38. c7 g5 39.
Kc5 Kd2 40. Rxd4+ Kxc2 41. Kc6 Kc3 42. Rd8 1-0

[Event "*** Titled Tuesday Blitz"]
[Site "Chess.com"]
[Date "2020.11.10"]
[Round "2"]
[White "DarZay"]
[Black "zmeeed67"]
[Result "0-1"]
[WhiteElo "2072"]
[BlackElo "2379"]
[TimeControl "180+1"]
[EndTime "10:20:08 PST"]
[Termination "zmeeed67 won by resignation"]

1. e4 Nc6 2. d4 d6 3. Nc3 Nf6 4.
f4 Bg4 5. Be2 Bxe2 6. Ngxe2 e5 7. d5 Ne7 8. O-O exf4 9. Bxf4 Ng6 10. Bg5 Be7 11. Ng3 h6 12. Bxf6 Bxf6 13. Nf5 Ne5 14. Qe1 g6 15. Ne3 O-O 16. Qf2 Bg7 17. Ne2 Qd7 18.
Nd4 Ng4 19. Nxg4 Qxg4 20. Rae1 a6 21. h3 Qd7 22. c3 Rae8 23. Qg3 Re7 24. Rf3 Rfe8 25.
Rfe3 Qa4 26. Qg4 Bxd4 27. cxd4 Qxd4 28. Qf4 Kg7 29. Kh2 Qxb2 30. Rb3 Qxa2 31. Rxb7 Qc4 32.
Rbb1 Rxe4 33. Rxe4 Qxe4 34. Qf1 Qxd5 35. Rd1 Qe5+ 36. Kh1 Qe2 37. Qxe2 Rxe2 38. Rc1 c5 39. Rd1 Re6 40. Rd5 Kf6 0-1

[Event "*** Titled Tuesday Blitz"]
[Site "Chess.com"]
[Date "2020.11.10"]
[Round "2"]
[White "AleksanderHnydiuk"]
[Black "Blitzstream"]
[Result "0-1"]
[WhiteElo "2501"]
[BlackElo "2732"]
[TimeControl "180+1"]
[EndTime "10:20:09 PST"]
[Termination "Blitzstream won by resignation"]

1. d4 d5 2. Bf4 Nf6 3. e3 e6 4.
Nd2 Bd6 5. Bxd6 Qxd6 6. f4 O-O 7. Ngf3 b6 8. Ne5 c5 9. c3 Ba6 10. Bxa6 Nxa6 11. Qf3 Rac8 12. g4 Nd7 13. h4 f6 14.
Nxd7 Qxd7 15. Qe2 Nc7 16. Nf3 Nb5 17. g5 Nd6 18. gxf6 gxf6 19. O-O-O Kh8 20. h5 Rg8 21.
Rdg1 Rxg1+ 22. Rxg1 Qf7 23. Qh2 Nf5 24. Nh4 Qxh5 25.
Rh1 Qxh4 26. Qxh4 Nxh4 27. Rxh4 Rg8 28. f5 e5 29. dxc5 bxc5 30. Ra4 h5 31. Rxa7 h4 32. Ra4 e4 33. Ra6 Kg7 34. Rd6 h3 35. Rxd5 h2 36. Rd1 Kf7 37. Rd7+ Ke8 38. Rh7 Rg1+ 39. Kc2 h1=Q 0-1